 Dungeon Crawl Stone Soup version 0.32-a0-666-ge8a88695a4 (webtiles) character file.

Game seed: 16530253076327191037

33735 ezpacito the Cleaver (level 13, -27/103 HPs)
             Began as a Coglin Chaos Knight on Mar 9, 2024.
             Was a Plaything of Xom.
             Annihilated by Rupert
             ... wielding a +4 antimagic battleaxe
              (37 damage)
             ... on level 15 of the Dungeon.
             The game lasted 00:20:48 (13989 turns).

ezpacito the Cleaver (Coglin Chaos Knight)         Turns: 13989, Time: 00:20:50

Health: -27/103    AC: 16    Str: 19    XL:     13   Next: 72%
Magic:  0/21       EV: 18    Int:  8    God:    Xom [...*..]
Gold:   941        SH:  0    Dex: 19    Spells: 0/23 levels left

rFire   . . .        e - +9 war axe "ETAOIN SHRDLU" {speed, Int-5 Dex+5}
rCold   . . .        v - +8 demon trident "Rift" {distort, reach+}
rNeg    . . .        D - +1 steam dragon scales
rPois   +            F - +2 hat
rElec   .            p - +0 cloak
rCorr   .            c - +1 pair of gloves of Hangman {rPois Str+3 Stlth+}
SInv    .            o - +1 pair of boots {Fly}
Will    .....        (amulet unavailable)
Stlth   ++           (ring unavailable)
HPRegen 0.37/turn    (ring unavailable)
MPRegen 0.17/turn    (no gizmo)

%: no passive effects
@: confused, brilliant, flying
A: off-hand wielding, slow wielding, warmup strikes, no jewellery, MP-powered
wands
a: Invent Gizmo, Renounce Religion


You were on level 15 of the Dungeon.
You worshipped Xom.
You were a favourite toy of Xom.
You visited 2 branches of the dungeon, and saw 16 of its levels.

You collected 941 gold pieces.

Inventory:

Hand Weapons
 a - a +0 hand axe of chaos {Shi}
 e - the +9 war axe "ETAOIN SHRDLU" (weapon) {speed, Int-5 Dex+5}
   (You found it on level 2 of the Dungeon)

   Int-5:     It affects your intelligence (-5).
   Dex+5:     It affects your dexterity (+5).
 v - the +8 demon trident "Rift" (offhand) {distort, reach+}
   (You found it on level 12 of the Dungeon)
 C - a +3 broad axe of flaming
 G - a +2 spear of chaos {Zihan}
 O - a +4 demon trident {Araceli}
Missiles
 b - 5 darts of dispersal
 k - 22 boomerangs (quivered)
 z - a throwing net
 I - 4 curare-tipped darts
 J - 16 poisoned darts
Armour
 c - the +1 pair of gloves of Hangman (worn) {rPois Str+3 Stlth+}
   (You acquired it on level 10 of the Dungeon)

   Str+3:     It affects your strength (+3).
   rPois:     It protects you from poison.
   Stlth+:    It makes you more stealthy.
 d - +0 acid dragon scales
 o - a +1 pair of boots of flying (worn)
 p - a +0 cloak (worn)
 s - a +0 helmet
 B - a +0 plate armour
 D - +1 steam dragon scales (worn)
 F - a +2 hat (worn)
Talismans
 m - a blade talisman
 u - a beast talisman
 R - a flux talisman
 U - a granite talisman
Scrolls
 f - 3 scrolls of vulnerability
 h - 3 scrolls of immolation
 i - 2 scrolls of identify
 n - 4 scrolls of amnesia
 r - a scroll of revelation
 t - 3 scrolls of teleportation
 x - a scroll of torment
 y - a scroll of poison
 H - 2 scrolls of noise
Potions
 g - 2 potions of ambrosia
 j - a potion of cancellation
 q - 4 potions of curing
 w - 2 potions of attraction
 E - a potion of lignification
 K - a potion of brilliance
 M - 2 potions of mutation
 W - a potion of enlightenment


   Skills:
 * Level 10.1 Fighting
 * Level 10.3(11.3) Axes
 * Level 6.8(9.2) Polearms
 * Level 9.1 Armour
 * Level 8.8 Dodging
 + Level 6.0 Stealth
 + Level 5.5 Spellcasting
 + Level 0.1 Necromancy
 + Level 0.1 Translocations
 + Level 4.1 Alchemy
 + Level 4.7 Evocations


You couldn't memorise any spells.
You knew the following spells:

 Your Spells              Type           Power      Damage    Failure   Level
a - Alistair's Intoxicat  Alch           8%         N/A       78%         5
b - Blink                 Tloc           6%         N/A       34%         2
c - Eringya's Noxious Bo  Alch           6%         4d6       100%        6
d - Freeze                Ice            12%        1d3       26%         1
e - Kiss of Death         Conj/Necr      12%        2d6       24%         1
f - Dispel Undead         Necr           3%         3d7       93%         4
s - Sticky Flame          Fire/Alch      8%         2d4       71%         4

Your spell library contained the following spells:

 Spells                   Type           Power      Damage    Failure   Level
 Magic Dart               Conj           12%        1d3       26%         1
 Call Imp                 Summ           6%         N/A       36%         2
 Confusing Touch          Hex            3%         N/A       58%         3
 Frozen Ramparts          Ice            6%         1d1       58%         3
 Hailstorm                Conj/Ice       3%         3d5       58%         3
 Inner Flame              Hex/Fire       3%         N/A       58%         3
 Flame Wave               Conj/Fire      3%         2d5       94%         4
 Borgnjor's Vile Clutch   Necr/Erth      1%         N/A       100%        5


Dungeon Overview and Level Annotations

Branches:
Dungeon (15/15)            Temple (1/1) D:7            Lair (0/5) D:11
    Orc (0/2) D:9          Vaults (0/5) D:14
 Depths: D:15

Altars:
Ashenzari
Cheibriados
Dithmenos
Elyvilon
Fedhas
Gozag
Hepliaklqana
Kikubaaqudgha
Makhleb
Nemelex Xobeh
Okawaru
Qazlal
Ru
Sif Muna
Trog
Uskayaw
Vehumet
Wu Jian
Xom
Yredelemnul
Zin
The Shining One

Shops:
D:13 :

Annotations:
D:9 2 transporters
D:11 exclusion: oklob plant
D:15 Rupert


Innate Abilities, Weirdness & Mutations

You can wield a second weapon in your off-hand.
It takes a long time for you to wield or remove held weapons.
Your first few attacks do less damage.
You cannot equip rings or amulets.
You expend magic power (3 MP) to strengthen your wands.


Message History

You are more confused.
You feel more invigorated.
Rupert hits you with a +4 antimagic battleaxe!!
You feel your power leaking away.
You take 17 damage, and have 52/103 hp.
You now have 3/21 mp.
You bump into the rock wall.
Rupert closely misses you.
Rupert hits you with a +4 antimagic battleaxe!!
* * * LOW HITPOINT WARNING * * *
You feel your power leaking away.
You take 23 damage, and have 29/103 hp.
MASSIVE DAMAGE!!
You now have 0/21 mp.
You are too confused!
You feel much better.
Rupert hits you with a +4 antimagic battleaxe!!
You emit a cloud of colourful smoke!
You feel your power leaking away.
You regained 14 hp, and now have 43/103 hp.
You are too confused!
Okay, then.
You puncture Rupert with the +8 demon trident "Rift"!
Space warps around Rupert.
Rupert is moderately wounded.
You hit Rupert with the +9 war axe "ETAOIN SHRDLU".
You feel less invigorated.
Rupert hits you with a +4 antimagic battleaxe!!
* * * LOW HITPOINT WARNING * * *
You feel your power leaking away.
You take 20 damage, and have 23/103 hp.
You bump into the rock wall.
Rupert barely misses you.
Rupert hits you with a +4 antimagic battleaxe!
* * * LOW HITPOINT WARNING * * *
You feel your power leaking away.
You take 11 damage, and have 12/103 hp.
You bump into the stone wall.
Rupert barely misses you.
Rupert hits you with a +4 antimagic battleaxe.
* * * LOW HITPOINT WARNING * * *
You take 2 damage, and have 10/103 hp.
Rupert hits you with a +4 antimagic battleaxe!!!
You die...
Rupert roars with triumph.
Xom cackles wildly!

........##...##.##
.................#
#................#
##.....##.......#
###.............#
...............##
(.............○##
...............§##
..............§☼@##
.............#.§@§#
###.........####..#
##.........## #..##
.... ...... #.##
.... ..... ## ....
.... .... ... ....


You could see Rupert (berserk).

Vanquished Creatures
  A vault guard (D:14)
  3 hydras
  Erolcha (D:9)
  4 boulder beetles
  4 two-headed ogres
  A tengu warrior (D:13)
  Pikel (D:6)
  3 deep elf pyromancers
  A harpy (D:14)
  7 ugly things
  4 cyclopes
  2 meliai (D:12)
  Maurice (D:9)
  2 gargoyles
  Maggie (D:6)
  An unseen horror (D:12)
  A komodo dragon (D:11)
  4 yaktaurs (D:14)
  Psyche (D:9)
  A queen bee (D:12)
  4 trolls
  A raiju (shapeshifter) (D:13)
  A dream sheep (D:9)
  2 shadows (D:11)
  A vampire (D:12)
  4 wraiths
  A wyvern (D:11)
  20 yaks
  A basilisk (shapeshifter) (D:13)
  A warg (D:9)
  8 vampire mosquitoes
  2 steam dragons
  2 acid dragons
  A water moccasin (shapeshifter) (D:15)
  2 water moccasins (D:5)
  10 orc warriors
  2 ice beasts
  A sky beast (D:7)
  A black bear (D:8)
  4 ogres
  A centaur (D:12)
  2 lemures (D:6)
  A weeping skull (D:11)
  4 kobold brigands
  4 bullfrogs
  2 gnoll sergeants
  4 scorpions
  3 wights (D:10)
  30 killer bees
  A howler monkey (D:12)
  3 bombardier beetles
  An orc priest (D:3)
  3 hounds
  3 jellies
  3 sleepcaps
  3 iguanas
  7 orc wizards
  8 adders
  18 gnolls
  3 dart slugs
  4 ribbon worms
  27 orcs
  13 ball pythons
  3 bats
  4 endoplasms
  2 giant cockroaches
  2 goblins
  9 hobgoblins
  3 jackals (D:3)
  8 quokkas
  A frilled lizard (D:3)
  20 kobolds
  3 rats
  A spectral orc (D:11)
317 creatures vanquished.

Vanquished Creatures (collateral kills)
  A cyclops (D:14)
  A phantom (D:6)
  A killer bee (D:10)
  An electric eel (D:6)
  A hound (D:6)
5 creatures vanquished.

Vanquished Creatures (others)
  An eldritch tentacle (D:14)
  A centaur (D:9)
2 creatures vanquished.

Grand Total: 324 creatures vanquished

Notes
Turn   | Place    | Note
-------+----------+-------------------------------------------
     0 | D:1      | ezpacito the Coglin Chaos Knight began the quest for the
                  | Orb.
     0 | D:1      | Reached XP level 1. HP: 18/18 MP: 1/1
   250 | D:1      | Reached skill level 1 in Dodging
   298 | D:1      | XOM: silly message
   364 | D:1      | Reached XP level 2. HP: 24/24 MP: 2/2
   700 | D:1      | XOM: scenery: summon butterflies
   787 | D:1      | XOM: 1-stop teleportation journey
  1119 | D:2      | Identified the +9 war axe "ETAOIN SHRDLU" {speed, Int-5
                  | Dex+5}
  1150 | D:2      | Reached XP level 3. HP: 20/29 MP: 3/3
  1470 | D:2      | XOM: stat loss: -1 Dex (17/18)
  1578 | D:2      | XOM: silly message
  1605 | D:2      | Found a stormy altar of Qazlal.
  1776 | D:3      | XOM: smoke on damage
  1780 | D:3      | Reached skill level 1 in Polearms
  1780 | D:3      | Reached XP level 4. HP: 16/35 MP: 4/4
  1876 | D:3      | Reached XP level 5. HP: 41/41 MP: 4/6
  1904 | D:3      | Reached skill level 1 in Spellcasting
  1906 | D:3      | Reached skill level 1 in Stealth
  1915 | D:3      | Reached XP level 6. HP: 37/48 MP: 7/7
  1959 | D:3      | XOM: 1-stop teleportation journey
  2117 | D:3      | XOM: noise
  2233 | D:3      | Found a broken altar of Ashenzari.
  2636 | D:3      | Found a glowing silver altar of Zin.
  2673 | D:3      | Found a white marble altar of Elyvilon.
  2906 | D:4      | XOM: 3-stop teleportation journey
  3080 | D:4      | XOM: 1-stop teleportation journey
  3210 | D:4      | XOM: stat loss: -1 Str (13/14)
  3221 | D:4      | XOM: silly message
  3412 | D:4      | XOM: draining
  3414 | D:5      | Entered Level 5 of the Dungeon
  3433 | D:5      | Noticed a water moccasin
  3438 | D:5      | Killed a water moccasin
  3439 | D:5      | Reached XP level 7. HP: 39/53 MP: 9/9
  3500 | D:5      | XOM: 2-stop teleportation journey
  3556 | D:5      | XOM: swap monsters
  3921 | D:5      | XOM: 2-stop teleportation journey
  3954 | D:5      | Reached XP level 8. HP: 43/61 MP: 10/10
  4388 | D:6      | Reached skill level 5 in Axes
  4442 | D:6      | XOM: summons 3 hostile demons
  4452 | D:6      | XOM: enchant monster (bad)
  4535 | D:6      | Noticed Pikel
  4541 | D:6      | XOM: fog
  4549 | D:6      | Killed Pikel
  4550 | D:6      | Reached skill level 5 in Fighting
  4550 | D:6      | Reached XP level 9. HP: 41/68 MP: 12/12
  4723 | D:6      | Noticed Maggie
  4732 | D:6      | Killed Maggie
  4733 | D:6      | Reached skill level 5 in Armour
  5285 | D:6      | XOM: give mutation
  5285 | D:6      | Gained mutation: You are weak. (Str -2) [Xom's mischief]
  5460 | D:7      | XOM: scenery: create altars
  5536 | D:7      | XOM: chaos upgrade
  5727 | D:7      | Found a staircase to the Ecumenical Temple.
  5765 | Temple   | Entered the Ecumenical Temple
  5782 | D:7      | XOM: chaos upgrade
  5785 | D:7      | Reached skill level 5 in Dodging
  6158 | D:7      | XOM: stat loss: -1 Dex (17/18)
  6253 | D:7      | Found a snail-covered altar of Cheibriados.
  6253 | D:7      | Found a blossoming altar of Fedhas.
  6254 | D:7      | Found a glowing golden altar of the Shining One.
  6335 | D:8      | Reached XP level 10. HP: 76/77 MP: 14/14
  6878 | D:8      | XOM: summons 6 friendly demons
  6898 | D:9      | Found a transporter.
  6971 | D:9      | Noticed Erolcha
  6975 | D:9      | Killed Erolcha
  6990 | D:9      | Noticed a two-headed ogre
  6991 | D:9      | XOM: fog
  7000 | D:9      | Killed a two-headed ogre
  7189 | D:9      | Noticed a two-headed ogre
  7197 | D:9      | Killed a two-headed ogre
  7256 | D:9      | XOM: divination: detect items
  7307 | D:9      | Noticed Psyche
  7315 | D:9      | Killed Psyche
  7440 | D:9      | Found a transporter.
  7444 | D:9      | Noticed a kobold demonologist
  7449 | D:9      | Noticed an orc sorcerer
  7450 | D:9      | Noticed a fire crab
  7450 | D:9      | Noticed a kobold demonologist
  7640 | D:9      | Noticed a kobold demonologist
  7678 | D:9      | Noticed Maurice
  7681 | D:9      | Maurice stole a flux talisman
  7687 | D:9      | Killed Maurice
  7688 | D:9      | Reached XP level 11. HP: 83/84 MP: 16/16
  7770 | D:9      | Noticed a fire crab
  7813 | D:9      | XOM: fog
  7895 | D:9      | Found a staircase to the Orcish Mines.
  7988 | D:9      | Noticed a two-headed ogre
  7996 | D:9      | a two-headed ogre changed into a dream sheep
  7996 | D:9      | XOM: polymorph two-headed ogre -> dream sheep
  8202 | D:10     | Entered Level 10 of the Dungeon
  8206 | D:10     | Noticed a two-headed ogre
  8216 | D:10     | Killed a two-headed ogre
  8233 | D:10     | XOM: 3-stop teleportation journey
  8254 | D:10     | Reached skill level 5 in Polearms
  8259 | D:10     | Found a burning altar of Makhleb.
  8278 | D:10     | XOM: noise
  8294 | D:10     | Noticed a two-headed ogre
  8301 | D:10     | Killed a two-headed ogre
  8923 | D:10     | XOM: silly message
  8924 | D:10     | Identified a scroll of acquirement
  8924 | D:10     | Acquired the +1 pair of gloves of Hangman {rPois Str+3
                  | Stlth+}
  9052 | D:11     | Learned a level 4 spell: Sticky Flame
  9058 | D:11     | Learned a level 5 spell: Alistair's Intoxication
  9061 | D:11     | Learned a level 2 spell: Blink
  9068 | D:11     | Learned a level 6 spell: Eringya's Noxious Bog
  9070 | D:11     | Learned a level 1 spell: Freeze
  9181 | D:11     | Found a staircase to the Lair.
  9183 | D:11     | Noticed an oklob plant
  9229 | D:11     | XOM: silly message
  9266 | D:11     | XOM: 1-stop teleportation journey
  9429 | D:11     | Reached skill level 1 in Evocations
  9469 | D:11     | XOM: give mutations
  9469 | D:11     | Gained mutation: You expend magic power (3 MP) to
                  | strengthen your wands. [Xom's grace]
  9469 | D:11     | Lost mutation: You are weak. (Str -2) [Xom's grace]
  9534 | D:11     | Reached skill level 1 in Alchemy
  9571 | D:11     | Found a basalt altar of Yredelemnul.
  9607 | D:11     | XOM: scenery: 1 doors close
  9667 | D:11     | Reached XP level 12. HP: 84/94 MP: 18/18
  9730 | D:11     | Reached skill level 5 in Stealth
 10043 | D:12     | Noticed a boulder beetle
 10047 | D:12     | XOM: polymorph troll -> gnoll
 10052 | D:12     | XOM: cleaving
 10067 | D:12     | Killed a boulder beetle
 10085 | D:12     | Noticed a five-headed hydra
 10095 | D:12     | XOM: cast spell 'Summon Cactus Giant'
 10102 | D:12     | XOM: divination: detect items
 10276 | D:12     | XOM: god gift: 49 gold pieces
 10336 | D:12     | Noticed a boulder beetle
 10349 | D:12     | XOM: confuse monster(s)
 10362 | D:12     | Killed a boulder beetle
 10362 | D:12     | XOM: cast spell 'Olgreb's Toxic Radiance'
 10527 | D:12     | Found the +8 demon trident "Rift" {distort, reach+}
 10579 | D:12     | XOM: fake destruction
 10580 | D:12     | Killed an eight-headed hydra
 10727 | D:12     | XOM: scenery: summon butterflies
 11030 | D:12     | XOM: cleaving
 11262 | D:13     | Found Bubrarui's Book Shop.
 11278 | D:13     | Noticed a tengu warrior
 11285 | D:13     | Killed a tengu warrior
 11286 | D:13     | Reached skill level 5 in Spellcasting
 11410 | D:13     | XOM: divination: magic mapping
 11490 | D:13     | Noticed a boulder beetle
 11495 | D:13     | XOM: divination: detect creatures
 11497 | D:13     | Banished a boulder beetle
 11498 | D:13     | Reached XP level 13. HP: 101/101 MP: 20/20
 11718 | D:13     | Found a sparkling altar of Nemelex Xobeh.
 11824 | D:13     | XOM: cast spell 'Summon Hydra'
 11880 | D:13     | XOM: scenery: 2 doors open, 1 doors close
 11908 | D:13     | XOM: scenery: 1 doors open, 2 doors close
 12128 | D:13     | XOM: god gift: beast talisman
 12301 | D:14     | XOM: smoke on damage
 12586 | D:14     | Reached skill level 10 in Axes
 12825 | D:14     | XOM: confuse monster(s)
 12857 | D:14     | XOM: fog
 12877 | D:14     | XOM: cast spell 'Summon Hydra'
 12951 | D:14     | XOM: divination: detect items
 12965 | D:14     | XOM: 1-stop teleportation journey
 13003 | D:14     | XOM: butterfly on damage
 13009 | D:14     | XOM: cast spell 'Malign Gateway'
 13295 | D:14     | Reached skill level 10 in Fighting
 13383 | D:14     | XOM: summons 3 friendly demons
 13384 | D:14     | Noticed a vault guard
 13388 | D:14     | XOM: confuse monster(s)
 13411 | D:14     | Killed a vault guard
 13546 | D:14     | Found a gate to the Vaults.
 13605 | D:14     | Learned a level 1 spell: Kiss of Death
 13610 | D:14     | Learned a level 4 spell: Dispel Undead
 13706 | D:15     | Entered Level 15 of the Dungeon
 13767 | D:15     | Noticed Rupert
 13773 | D:15     | XOM: confuse monster(s)
 13967 | D:15     | XOM: potion effect (brilliance)
 13984 | D:15     | XOM: smoke on damage
 13989 | D:15     | Annihilated by Rupert

Illustrated notes

Levels and vault maps discovered:
D:1:      erik_arrival_triangle_small, layout_loops_corners
D:2:      layout_basic, basic_altar
D:3:      layout_loops_cross, evilmike_ruin_ashenzari,
          mainiacjoe_overflow_two_lobes, minmay_quadrilaterals
D:4:      layout_basic, minmay_misc_feat_tiny
D:5:      layout_basic
D:6:      layout_loops_ring, palyth_stone_intersect, fountainhead,
          kennysheep_potato, uniq_pikel, uniq_maggie
D:7:      layout_cave_pools, gammafunk_temple_overflow_forgotten,
          minmay_temple_entry_wispy, grunt_ogre_cave,
          nicolae_kite_square_tiling_tiny
D:8:      layout_loops_ring, minmay_misc_feat_four_crosses
D:9:      gammafunk_wand_slinger, layout_basic, david_orc_1_choice,
          uniq_erolcha, uniq_maurice, uniq_psyche
D:10:     layout_rooms, mainiacjoe_overflow_boulevard, minivault_26
D:11:     layout_roguey, dpeg_oklobed_lair, yredelemnul_forgotten_temple_becter
D:12:     layout_rooms, special_room [special_room_bee]
D:13:     layout_gridville, serial_shops, nicolae_shop_crystal,
          nemelex_lonely_heart_becter
D:14:     layout_rooms, david_vaults_5, chequers_serial_rivers_micro_d
D:15:     grunt_enter_depths_hoard, layout_cave_pools, uniq_rupert
Temple:   bh_familiar_temple

Skill      XL: |  1  2  3  4  5  6  7  8  9 10 11 12 13 |
---------------+----------------------------------------+-----
Dodging        | 1 2 3 4 5 6 7 8 |  8.8
Armour         | 2 3 4 5 6 7 8 9 |  9.1
Polearms       | 1 2 3 4 5 6 |  6.8
Spellcasting   | 1 2 3 4 5 |  5.5
Stealth        | 1 2 3 4 5 6 |  6.0
Axes           | 4 5 6 7 8 9 10 | 10.3
Fighting       | 4 5 6 7 8 9 10 | 10.1
Evocations     | 1 3 4 |  4.7
Alchemy        | 1 3 4 |  4.1
Necromancy     | |  0.1
Translocations | |  0.1

Action                     |  1- 3 |  4- 6 |  7- 9 | 10-12 | 13-15 || total
---------------------------+-------+-------+-------+-------+-------++-------
  Melee: Hand axe          |    55 |    56 |    83 |       |       ||   194
         Dagger            |    33 |       |       |       |       ||    33
         War axe           |    27 |    74 |   119 |   296 |    53 ||   569
         Spear             |       |       |    35 |   173 |       ||   208
         Demon trident     |       |       |       |   181 |    90 ||   271
  Evoke: Wand              |       |       |       |     6 |    14 ||    20
    Use: Potion            |     1 |       |       |    14 |     6 ||    21
         Scroll            |       |     4 |     4 |    23 |     4 ||    35
   Stab: Sleeping          |     2 |     4 |     4 |    15 |     6 ||    31
         Confused          |       |       |     1 |       |     2 ||     3
         Paralysed         |       |       |     1 |     6 |       ||     7
         Petrifying        |       |       |     3 |       |       ||     3
         Distracted        |       |       |       |     4 |     1 ||     5
 Armour: Leather armour    |    39 |    34 |    37 |       |       ||   110
         Steam dragon scal |       |       |    37 |   196 |    84 ||   317
  Dodge: Dodged            |    31 |    44 |    88 |   247 |    45 ||   455

Table legend: (Time is in decaauts)
 A = Elapsed time spent in this place.
 B = Non-inter-level travel time spent in this place.
 C = Inter-level travel time spent in this place.
 D = Time resting spent in this place.
 E = Time spent auto-exploring this place.
 F = Levels seen in this place.
 G = Mean time per level.
                   A        B        C        D        E       F      G
               +--------+--------+--------+--------+--------+-----+--------+
         Total |  13885 |  13445 |    440 |   1666 |   9502 |  16 |  867.8 |
       Dungeon |  13883 |  13444 |    439 |   1666 |   9502 |  15 |  925.5 |
        Temple |      1 |      1 |      0 |      0 |      0 |   1 |    1.0 |
               +--------+--------+--------+--------+--------+-----+--------+

Top non-repeatable levels by time:
    D:13: 1275 daAuts
     D:9: 1274 daAuts
    D:12: 1256 daAuts
    D:14: 1171 daAuts
     D:3: 1146 daAuts
     D:6: 1061 daAuts
     D:1: 1026 daAuts
    D:11: 996 daAuts
     D:5: 949 daAuts
     D:7: 857 daAuts
    D:10: 754 daAuts
     D:2: 674 daAuts
     D:8: 591 daAuts
     D:4: 567 daAuts
    D:15: 279 daAuts
